 Dungeon Crawl Stone Soup version 0.26-b1-32-g5d43845318 (webtiles) character file.

Game seed: 12497659209938369600

280882 Arum the Slayer (level 21, 0/188 (189) HPs)
             Began as a Formicid Fighter on Jan 13, 2021.
             Was the Champion of Okawaru.
             Slain by an ettin
             ... wielding a +0 dire flail
              (33 damage)
             ... on level 1 of the Vaults.
             The game lasted 01:17:51 (35709 turns).

Arum the Slayer (Formicid Fighter)                 Turns: 35709, Time: 01:17:51

HP:   0/188 (189)   AC: 16    Str: 43    XL:     21   Next: 36%
MP:   26/26         EV: 13    Int:  9    God:    Okawaru [******]
Gold: 1513          SH: 22    Dex: 12    Spells: 20/20 levels left

rFire    . . .     SeeInvis +   V - +7 lajatang (speed)
rCold    + + +     Faith    .   j - +1 kite shield {rPois}
rNeg     . . .     Spirit   .   K - +0 crystal plate armour of Dyspraxia {rElec Str+7 Int-4 Dex+2}
rPois    +         Reflect  +   (helmet unavailable)
rElec    +         Harm     .   r - +0 cloak
rCorr    .         Rampage  .   l - +1 pair of gloves
Will     ++++.                  Q - -5 pair of boots of Onuewig {rC+++ Will+ Str+4 Int-4}
Stlth    ..........             f - amulet of reflection
HPRegen  0.41/turn              U - ring of the Briny Deep {Will+ Str+3 Int+6 Dex-5 Slay+5}
MPRegen  0.20/turn              o - +6 ring of strength

@: flayed, corroded, lightly drained
A: permanent stasis, dig shafts and tunnels, four strong arms, antennae 3
}: 2/15 runes: decaying, serpentine
a: Dig, Shaft Self, Renounce Religion, Heroism, Finesse


You were on level 1 of the Vaults.
You worshipped Okawaru.
Okawaru was exalted by your worship.
You visited 6 branches of the dungeon, and saw 32 of its levels.
You also visited: Bailey.

You collected 3575 gold pieces.
You spent 2062 gold pieces at shops.

Inventory:

Hand Weapons
 P - a +4 lajatang of venom
 V - a +7 lajatang of speed (weapon)
 X - the +6 quarterstaff of the Unspeakable One {speed, rElec Int+2 Stlth-}
   (Okawaru gifted it to you on level 1 of the Lair of Beasts)

   Attacks with this weapon are significantly faster.
   It affects your intelligence (+2).
   It insulates you from electricity.
   It makes you less stealthy.
Missiles
 H - 11 javelins
 N - 3 throwing nets
Armour
 j - a +1 kite shield of poison resistance (worn)
 l - a +1 pair of gloves (worn)
 r - a +0 cloak (worn)
 K - the +0 crystal plate armour of Dyspraxia (worn) {rElec Str+7 Int-4 Dex+2}
   (Okawaru gifted it to you on level 3 of the Swamp)

   It affects your strength (+7).
   It affects your intelligence (-4).
   It affects your dexterity (+2).
   It insulates you from electricity.
 Q - the -5 pair of boots of Onuewig (worn) {rC+++ Will+ Str+4 Int-4}
   (Okawaru gifted it to you on level 11 of the Dungeon)

   It affects your strength (+4).
   It affects your intelligence (-4).
   It renders you almost immune to cold.
   It affects your willpower, your defense against some magical effects.
Jewellery
 b - an uncursed ring of positive energy
 f - an amulet of reflection (around neck)
 o - a +6 ring of strength (right hand)
 p - the ring of Yendor {rElec rF- Will+ Dex+3}
   (You found it on level 9 of the Dungeon)

   [ring of willpower]

   It affects your dexterity (+3).
   It makes you vulnerable to fire.
   It insulates you from electricity.
   It affects your willpower, your defense against some magical effects.
 L - an uncursed ring of positive energy
 R - a +4 ring of protection
 U - the ring of the Briny Deep (left hand) {Will+ Str+3 Int+6 Dex-5 Slay+5}
   (You found it on level 6 of the Lair of Beasts)

   [ring of intelligence]

   It affects your strength (+3).
   It affects your intelligence (+6).
   It affects your dexterity (-5).
   It affects your accuracy and damage with ranged weapons and melee attacks
   (+5).
   It affects your willpower, your defense against some magical effects.
Wands
 u - a wand of random effects (31)
 w - a wand of paralysis (28)
 G - a wand of iceblast (29)
 I - a wand of flame (31)
 J - a wand of polymorph (18)
 O - a wand of digging (17)
 S - a wand of acid (17)
 T - a wand of disintegration (14)
Scrolls
 a - 6 scrolls of amnesia
 i - 6 scrolls of identify
 k - 7 scrolls of enchant armour
 n - 3 scrolls of fear
 q - 3 scrolls of immolation
 t - 16 scrolls of remove curse
 B - 4 scrolls of fog
 W - 5 scrolls of magic mapping
 Z - a scroll of silence
Potions
 c - 3 potions of resistance
 d - 4 potions of might
 g - 7 potions of attraction
 h - 23 potions of curing
 m - 5 potions of invisibility
 s - 2 potions of ambrosia
 z - 12 potions of heal wounds
 A - 4 potions of flight
 C - 9 potions of mutation
 D - 2 potions of cancellation
 E - a potion of brilliance
 F - 5 potions of lignification
Miscellaneous
 v - a phantom mirror
 x - a tin of tremorstones (1/2)
 y - a phial of floods
 Y - a condenser vane


   Skills:
 + Level 22.1 Fighting
 - Level 14.0 Staves
 + Level 15.1 Armour
 - Level 10.0 Dodging
 - Level 15.0 Shields
 - Level 7.0 Invocations
 + Level 12.9 Evocations


You had 20 spell levels left.
You didn't know any spells.
Your spell library contained the following spells:

 Spells                   Type           Power        Failure   Level
 Apportation              Tloc           0%           96%         1
 Beastly Appendage        Tmut           0%           96%         1
 Foxfire                  Conj/Fire      0%           96%         1
 Magic Dart               Conj           0%           96%         1
 Sting                    Tmut/Pois      0%           96%         1
 Summon Small Mammal      Summ           0%           96%         1
 Call Imp                 Summ           0%           99%         2
 Corpse Rot               Necr/Air       N/A          99%         2
 Poisonous Vapours        Pois/Air       0%           99%         2
 Slow                     Hex            0%           99%         2
 Sublimation of Blood     Necr           0%           99%         2
 Wereblood                Tmut           0%           99%         2
 Call Canine Familiar     Summ           0%           100%        3
 Confusing Touch          Hex            0%           100%        3
 Conjure Flame            Conj/Fire      0%           100%        3
 Gell's Gravitas          Tloc           0%           100%        3
 Ignite Poison            Fire/Tmut/Pois 0%           100%        3
 Inner Flame              Hex/Fire       0%           100%        3
 Lesser Beckoning         Tloc           0%           100%        3
 Mephitic Cloud           Conj/Pois/Air  0%           100%        3
 Spider Form              Tmut/Pois      0%           100%        3
 Summon Guardian Golem    Hex/Summ       0%           100%        3
 Teleport Other           Tloc           0%           100%        3
 Tukima's Dance           Hex            0%           100%        3
 Dispel Undead            Necr           0%           100%        4
 Ice Form                 Ice/Tmut       0%           100%        4
 Olgreb's Toxic Radiance  Pois           0%           100%        4
 Passage of Golubria      Tloc           N/A          100%        4
 Petrify                  Tmut/Erth      0%           100%        4
 Sticky Flame             Conj/Fire      0%           100%        4
 Summon Ice Beast         Ice/Summ       0%           100%        4
 Summon Lightning Spire   Summ/Air       0%           100%        4
 Agony                    Necr           0%           100%        5
 Alistair's Intoxication  Tmut/Pois      0%           100%        5
 Blade Hands              Tmut           0%           100%        5
 Bolt of Magma            Conj/Fire/Erth 0%           100%        5
 Excruciating Wounds      Necr           0%           100%        5
 Fireball                 Conj/Fire      0%           100%        5
 Irradiate                Conj/Tmut      0%           100%        5
 Iskenderun's Battlesphe  Conj           0%           100%        5
 Metabolic Englaciation   Hex/Ice        0%           100%        5
 Yara's Violent Unravell  Hex/Tmut       0%           100%        5
 Hydra Form               Tmut           0%           100%        6
 Invisibility             Hex            0%           100%        6
 Iron Shot                Conj/Erth      0%           100%        6
 Statue Form              Tmut/Erth      0%           100%        6
 Dragon Form              Tmut           0%           100%        7
 Orb of Destruction       Conj           0%           100%        7
 Spellforged Servitor     Conj/Summ      0%           100%        7
 Blink                    Tloc           Unusable     N/A         2

Dungeon Overview and Level Annotations

Branches:
Dungeon (15/15)            Temple (0/1) D:5            Lair (6/6) D:9
  Swamp (4/4) Lair:4        Snake (4/4) Lair:4        Slime (0/5) Lair:5
    Orc (2/2) D:10            Elf (0/3) Orc:2        Vaults (1/5) D:14
 Depths (0/5) D:15         Bailey (visited)

Altars:
Dithmenos
Fedhas
Gozag
Nemelex Xobeh
Okawaru
Sif Muna
Trog
Wu Jian
Xom
Yredelemnul
Zin
The Shining One
Beogh

Shops:
D:7 *?[!   Orc:2 }}!!   Snake:1 :   Snake:2 =(?   Snake:3 =}}

Portals:
Abyss: D:5

Annotations:
D:5 2 transporters, skk's ghost, novice FoFi
D:9 2 transporters, tsouns's ghost, novice SpIE


Innate Abilities, Weirdness & Mutations

You cannot be hasted, slowed, berserked, paralysed or teleported.
You can dig through walls and to a lower floor.
Your four strong arms can wield two-handed weapons with a shield.
You have a pair of large antennae on your head. (SInv)


Message History

The fire giant seems to grow stronger.
You block the yaktaur captain's attack.
Unknown command.
You closely miss the vampire mage.
The vampire mage is severely damaged.
You block the ettin's attack. x2
Unknown command.
You hit the vampire mage.
The vampire mage is severely damaged.
The vampire mage is infused with unholy energy.
* * * LOW HITPOINT WARNING * * *
The vampire mage draws life force from you and is healed!
You block the vault warden's attack.
The vault warden activates a sealing rune.
You block the yaktaur captain's attack.
You feel much better.
The flayed ghost cries, "Suffer as I suffered!"
Terrible wounds spread across more of your body!
* * * LOW HITPOINT WARNING * * *
The ettin hits you with a +0 dire flail!!
You die...

#.).'..#
.........#.)##..#
.....p...#..##..#
.........#..##..#
.....).C.#..##..#
.......Q.#..##..#
....*ySB.#..# ..#
.....pCVc#..#
....pWp@.#..#
###+###+##..#
#...#..# #...#..#
#...#..# #...'..#
########


You could see a fire giant (strong), 3 vault wardens, a tengu reaver, a yaktaur
captain, a boulder beetle, an ettin, a flayed ghost (summoned), a vampire mage
(invisible), an ironbrand convoker, a mana viper shaped shifter, a hornet and a
battlesphere.

Vanquished Creatures
  Bai Suzhen (Swamp:4)
  A lich (Vaults:1)
  Jorgrun (Swamp:2)
  Donald (Swamp:3)
  Kirke (Swamp:3)
  Roxanne (D:14)
  10 nagarajas
  An azure jelly (Swamp:4)
  Louise (Snake:3)
  A deep elf sorcerer (Vaults:1)
  A vault warden (Vaults:1)
  Aizul (Snake:2)
  2 ironheart preservers (Vaults:1)
  4 bunyips
  A yellow draconian (Vaults:1)
  A dire elephant (D:15)
  7 eleionomae
  Snorg (Lair:5)
  A fire dragon (Lair:6)
  2 yaktaur captains (Vaults:1)
  4 ogre magi (Vaults:1)
  Harold (D:11)
  11 naga warriors
  6 boulder beetles
  The ghost of Onnywosoh the Peltast, a journeyman FoFi of Okawaru (D:13)
  16 hydras
  7 vault guards
  4 ice dragons
  21 two-headed ogres
  A catoblepas (Lair:6)
  A death knight (D:15)
  5 centaur warriors
  Erica (D:9)
  The ghost of Raspi the Basher, a journeyman GrMo of Okawaru (Lair:1)
  3 alligators
  11 anacondas
  2 dancing weapons
  A two-headed ogre (shapeshifter) (D:8)
  A vampire mage (Vaults:1)
  Urug (D:11)
  15 naga sharpshooters
  A fire crab (Lair:6)
  5 orc high priests (Orc:2)
  16 shock serpents
  Sonja (Lair:1)
  An unseen horror (shapeshifter) (D:13)
  4 goliath frogs
  3 salamander mystics (Snake:4)
  5 sea snakes
  10 spriggan druids
  A glowing orange brain (D:14)
  10 naga ritualists
  5 unseen horrors
  4 lindwurms (Snake:4)
  5 bog bodies
  Pikel (D:9)
  7 swamp dragons
  A wolf spider (D:15)
  14 orc knights
  2 cyclopes
  24 ugly things
  3 deep elf magi
  26 mana vipers
  9 salamanders
  4 manticores
  7 slime creatures
  5 will-o-the-wisps
  4 oklob plants (Lair:5)
  8 guardian serpents
  8 elephants
  A vault sentinel (Vaults:1)
  44 black mambas
  A water nymph (shapeshifter) (Vaults:1)
  3 molten gargoyles (Lair:6)
  5 cane toads
  20 naga magi
  A gargoyle (D:15)
  Maggie (Lair:1)
  4 freezing wraiths (Swamp:4)
  6 komodo dragons
  2 rime drakes (Lair:3)
  A jumping spider (shapeshifter) (D:13)
  A tengu conjurer (D:13)
  A troll (shapeshifter) (D:13)
  2 polar bears (Lair:4)
  13 trolls
  13 tyrant leeches
  Grinder (D:3)
  3 hornets
  17 blink frogs
  A shadow (D:15)
  A spriggan (shapeshifter) (D:7)
  4 wyverns
  3 spriggans
  44 yaks
  A vampire (D:15)
  5 hogs (Swamp:3)
  2 wraiths
  A yak (shapeshifter) (D:11)
  4 basilisks
  4 swamp worm simulacra (Swamp:4)
  A steam dragon (D:9)
  7 vampire mosquitoes
  4 wargs
  41 nagas
  11 swamp worms
  2 acid dragons
  14 hydra simulacra (Swamp:4)
  A soldier ant (D:14)
  3 hell hounds (Lair:6)
  7 water moccasins
  16 ice beasts
  4 sky beasts
  42 orc warriors
  3 black bears
  20 ogres
  3 phantoms
  11 wolves
  3 necrophages
  7 boggarts (Vaults:1)
  6 centaurs
  3 big kobolds
  A wyvern zombie (D:14)
  25 bullfrogs
  A wyvern skeleton (D:14)
  3 scorpions
  A water moccasin skeleton (D:5)
  5 electric eels
  14 wights
  5 lava snakes (Lair:6)
  3 howler monkeys (D:10)
  3 bullfrog zombies
  5 centaur zombies
  5 jellies
  3 bullfrog skeletons
  5 hounds
  22 orc wizards
  A quasit (D:9)
  3 centaur skeletons
  34 orc priests
  Crazy Yiuf (D:2)
  Jessica (D:3)
  Ijyb (D:3)
  6 iguanas
  Natasha (thrice) (D:2)
  10 worker ants
  2 hound zombies
  2 worker ant zombies (D:7)
  12 gnolls (Bailey)
  10 adders
  3 shadow imps
  8 white imps
  3 ufetubi
  2 oozes
  4 swamp drake simulacra (Swamp:4)
  An adder skeleton (D:5)
  An adder zombie (D:6)
  2 dart slugs
  2 worms (D:2)
  7 leopard geckos
  87 orcs
  7 giant cockroaches
  10 goblins
  22 hobgoblins
  7 jackals
  27 kobolds
  6 quokkas
  5 bats
  3 frilled lizards
  A jackal zombie (D:6)
  3 rats
1165 creatures vanquished.

Vanquished Creatures (others)
  4 bloated husks
  A tyrant leech (Swamp:4)
  A spriggan (Swamp:2)
  2 swamp worms (Swamp:4)
  An ice beast (D:12)
  An orc (D:12)
  22 foxfires
  14 fungi
  37 plants
83 creatures vanquished.

Grand Total: 1248 creatures vanquished

Notes
Turn   | Place    | Note
-------+----------+-------------------------------------------
     0 | D:1      | Arum the Formicid Fighter began the quest for the Orb.
     0 | D:1      | Reached XP level 1. HP: 18/18 MP: 1/1
   131 | D:1      | Reached XP level 2. HP: 24/24 MP: 2/2
   286 | D:1      | Reached XP level 3. HP: 29/29 MP: 3/3
   781 | D:2      | Found a runed translucent door.
   782 | D:2      | Noticed Crazy Yiuf
   791 | D:2      | Killed Crazy Yiuf
   792 | D:2      | Reached XP level 4. HP: 33/37 MP: 4/4
   869 | D:2      | Noticed Natasha
   876 | D:2      | Killed Natasha
   876 | D:2      | Noticed Natasha
   877 | D:2      | Reached skill level 4 in Fighting
   882 | D:2      | Killed Natasha
   883 | D:2      | Reached XP level 5. HP: 42/42 MP: 5/5
   955 | D:2      | Noticed Natasha
   971 | D:2      | Killed Natasha
   972 | D:2      | Reached XP level 6. HP: 43/49 MP: 6/6
   979 | D:2      | Noticed an ogre
   986 | D:2      | Killed an ogre
   987 | D:2      | Reached skill level 5 in Shields
  1415 | D:3      | Noticed Ijyb
  1424 | D:3      | Killed Ijyb
  1599 | D:3      | Noticed Jessica
  1606 | D:3      | Killed Jessica
  1685 | D:3      | You fall into a shaft and drop 3 floors!
  1690 | D:5      | Entered Level 5 of the Dungeon
  1718 | D:5      | Reached XP level 7. HP: 55/55 MP: 7/7
  2106 | D:3      | Noticed Grinder
  2119 | D:3      | Killed Grinder
  2120 | D:3      | Reached skill level 5 in Fighting
  2120 | D:3      | Reached skill level 5 in Armour
  2120 | D:3      | Reached skill level 1 in Evocations
  2381 | D:4      | Found an iron altar of Okawaru.
  2381 | D:4      | Found a shimmering altar of Xom.
  2405 | D:4      | Became a worshipper of Warmaster Okawaru
  2595 | D:4      | Found a basalt altar of Yredelemnul.
  2604 | D:4      | Reached XP level 8. HP: 63/63 MP: 8/8
  2956 | D:5      | Found a transporter.
  2958 | D:5      | Noticed a small abomination
  2979 | D:5      | Found a transporter.
  2981 | D:5      | Noticed skk's ghost (novice FoFi)
  2992 | D:5      | Found a one-way gate to the infinite horrors of the Abyss.
  3010 | D:5      | Noticed a small abomination
  3255 | D:5      | Reached skill level 6 in Fighting
  3267 | D:5      | Reached * piety under Okawaru
  3426 | D:5      | Reached skill level 5 in Staves
  3430 | D:5      | Found a glowing golden altar of the Shining One.
  3525 | D:5      | Found a staircase to the Ecumenical Temple.
  3829 | D:6      | Reached XP level 9. HP: 56/71 MP: 9/9
  3914 | D:6      | Reached ** piety under Okawaru
  4020 | D:6      | Reached skill level 7 in Fighting
  4280 | D:7      | Reached skill level 5 in Evocations
  4302 | D:7      | Found Coronn's Antique Armour Shop.
  4312 | D:7      | Found Ydous's Magic Scroll Shop.
  4333 | D:7      | Bought a heavily runed ring mail for 243 gold pieces
  4333 | D:7      | Identified the +3 ring mail of Incorporation {+Fly rC-
                  | Regen+ Str+7} (You bought it in a shop on level 7 of the
                  | Dungeon)
  4496 | D:7      | Found an opulent altar of Gozag.
  4523 | D:7      | Found a glowing silver altar of Zin.
  4669 | D:7      | Noticed a deep elf mage
  4675 | D:7      | Killed a deep elf mage
  4676 | D:7      | Reached skill level 8 in Fighting
  4764 | D:7      | Reached *** piety under Okawaru
  4785 | D:7      | Bought a scroll of identify for 28 gold pieces
  4785 | D:7      | Bought a scroll of identify for 28 gold pieces
  4785 | D:7      | Bought a scroll of identify for 28 gold pieces
  4963 | D:7      | Found Taguj's Assorted Antiques.
  5077 | D:7      | Found Nauno's Distillery.
  5082 | D:7      | Bought a potion of heal wounds for 55 gold pieces
  5136 | D:7      | Found an ornate altar of the Wu Jian Council.
  5136 | D:7      | Found a blossoming altar of Fedhas.
  5140 | D:7      | Found a bloodstained altar of Trog.
  5198 | D:7      | Reached XP level 10. HP: 80/80 MP: 10/10
  5710 | D:8      | Found a shadowy altar of Dithmenos.
  5711 | D:8      | Found a shimmering blue altar of Sif Muna.
  5715 | D:8      | Found a sparkling altar of Nemelex Xobeh.
  5738 | D:8      | Noticed a two-headed ogre
  5747 | D:8      | Noticed a glowing shapeshifter
  5747 | D:8      | a two-headed ogre changed into a glowing shapeshifter
  5747 | D:8      | a glowing shapeshifter changed into a dream sheep
  5753 | D:8      | Noticed a death drake
  5753 | D:8      | a jumping spider changed into a death drake
  5761 | D:8      | Noticed a two-headed ogre
  5761 | D:8      | a death drake changed into a two-headed ogre
  5765 | D:8      | Killed a two-headed ogre
  5766 | D:8      | Reached skill level 9 in Fighting
  6107 | D:8      | Reached **** piety under Okawaru
  6120 | D:8      | Reached skill level 1 in Invocations
  6408 | D:9      | Noticed Pikel
  6427 | D:9      | Killed Pikel
  6475 | D:9      | Reached XP level 11. HP: 23/90 MP: 13/13
  6698 | D:9      | Got a steaming turquoise ring
  6699 | D:9      | Identified the ring of Yendor {rElec rF- Will+ Dex+3} (You
                  | found it on level 9 of the Dungeon)
  6713 | D:9      | Found a staircase to the Lair.
  6731 | D:9      | Noticed a deep elf mage
  6731 | D:9      | Noticed tsouns's ghost (novice SpIE)
  6732 | D:9      | Found a transporter.
  6874 | D:9      | Found a transporter.
  6936 | D:9      | Noticed Erica
  6945 | D:9      | Killed Erica
  6945 | D:9      | Reached ***** piety under Okawaru
  6946 | D:9      | Reached skill level 10 in Fighting
  7331 | D:10     | Entered Level 10 of the Dungeon
  7722 | D:10     | Reached skill level 5 in Invocations
  7795 | D:10     | Found a staircase to the Orcish Mines.
  8136 | D:11     | Noticed Urug
  8153 | D:11     | Killed Urug
  8406 | D:11     | Got a faintly humming plate armour
  8407 | D:11     | Identified the +1 plate armour of Otzism {rPois rN+ Stlth-}
                  | (You found it on level 11 of the Dungeon)
  8443 | D:11     | Noticed Harold
  8471 | D:11     | Killed Harold
  8471 | D:11     | Received a gift from Okawaru
  8472 | D:11     | Reached skill level 11 in Fighting
  8472 | D:11     | Reached XP level 12. HP: 88/100 MP: 15/15
  8475 | D:11     | Got a pair of slimy boots {god gift}
  8476 | D:11     | Identified the -5 pair of boots of Onuewig {rC+++ Will+
                  | Str+4 Int-4} (Okawaru gifted it to you on level 11 of the
                  | Dungeon)
  8647 | D:11     | Noticed a centaur warrior
  8652 | D:11     | Reached skill level 10 in Staves
  8661 | D:11     | Killed a centaur warrior
  9061 | D:12     | Noticed an unseen horror
  9086 | D:12     | Killed an unseen horror
  9215 | D:12     | Reached ****** piety under Okawaru
  9216 | D:12     | Reached skill level 10 in Armour
  9269 | D:12     | Noticed a two-headed ogre
  9285 | D:12     | Killed a two-headed ogre
  9297 | D:12     | Reached skill level 12 in Fighting
  9399 | D:12     | Found a flagged portal.
  9413 | Bailey   | Entered a bailey
  9796 | D:12     | Found a frozen archway.
 10402 | D:13     | Noticed an unseen horror
 10421 | D:13     | Killed an unseen horror
 10438 | D:13     | Reached XP level 13. HP: 76/109 MP: 16/16
 10514 | D:13     | Found a runed translucent door.
 10514 | D:13     | Found a shimmering altar of Xom.
 10514 | D:13     | Noticed Onnywosoh's ghost (journeyman FoFi)
 10551 | D:13     | Killed Onnywosoh's ghost
 10830 | D:13     | Received a gift from Okawaru
 10855 | D:13     | Noticed a centaur warrior
 10867 | D:13     | Killed a centaur warrior
 11214 | D:14     | Found a gate to the Vaults.
 11214 | D:14     | Noticed a vault guard
 11224 | D:14     | Killed a vault guard
 11225 | D:14     | Reached skill level 13 in Fighting
 11345 | D:14     | Noticed a centaur warrior
 11355 | D:14     | Killed a centaur warrior
 11355 | D:14     | Received a gift from Okawaru
 11571 | D:14     | Noticed a boulder beetle
 11591 | D:14     | Killed a boulder beetle
 11703 | D:14     | Received a gift from Okawaru
 11975 | D:14     | Reached XP level 14. HP: 62/119 MP: 11/17
 12200 | D:14     | Noticed Roxanne
 12309 | D:14     | Killed Roxanne
 12310 | D:14     | Reached skill level 14 in Fighting
 12530 | D:15     | Entered Level 15 of the Dungeon
 12980 | D:15     | Found a staircase to the Depths.
 12980 | D:15     | Noticed a dire elephant
 12986 | D:15     | Received a gift from Okawaru
 13000 | D:15     | Killed a dire elephant
 13851 | Orc:1    | Entered Level 1 of the Orcish Mines
 13933 | Orc:1    | Received a gift from Okawaru
 14130 | Orc:1    | Found a roughly hewn altar of Beogh.
 14142 | Orc:1    | Found a bloodstained altar of Trog.
 14404 | Orc:2    | Entered Level 2 of the Orcish Mines
 14987 | Orc:2    | Found a staircase to the Elven Halls.
 15090 | Orc:2    | Reached XP level 15. HP: 106/127 MP: 18/18
 15512 | Orc:2    | Reached skill level 15 in Fighting
 15885 | Orc:2    | Found Ecla's Distillery.
 15885 | Orc:2    | Found Huedelim's Gadget Emporium.
 15886 | Orc:2    | Found Ufery's Distillery.
 15886 | Orc:2    | Found Diosea's Gadget Emporium.
 15894 | Orc:2    | Bought a potion of heal wounds for 75 gold pieces
 15894 | Orc:2    | Bought a potion of curing for 45 gold pieces
 15895 | Orc:2    | Bought a potion of degeneration for 15 gold pieces
 15895 | Orc:2    | Bought a potion of heal wounds for 75 gold pieces
 15895 | Orc:2    | Bought a potion of curing for 45 gold pieces
 15895 | Orc:2    | Bought a potion of heal wounds for 75 gold pieces
 16034 | Lair:1   | Entered Level 1 of the Lair of Beasts
 16334 | Lair:1   | Noticed Maggie
 16353 | Lair:1   | Killed Maggie
 16460 | Lair:1   | Noticed Sonja
 16468 | Lair:1   | Killed Sonja
 16468 | Lair:1   | Received a gift from Okawaru
 16471 | Lair:1   | Got a dazzling quarterstaff {god gift}
 16472 | Lair:1   | Identified the +6 quarterstaff of the Unspeakable One
                  | {speed, rElec Int+2 Stlth-} (Okawaru gifted it to you on
                  | level 1 of the Lair of Beasts)
 16607 | Lair:1   | Found a runed translucent door.
 16607 | Lair:1   | Found a shimmering altar of Xom.
 16607 | Lair:1   | Noticed Raspi's ghost (journeyman GrMo)
 16626 | Lair:1   | Killed Raspi's ghost
 17979 | Lair:3   | Got an ancient scale mail
 17980 | Lair:3   | Identified the +0 scale mail of Midsummer {Dex+2} (You
                  | found it on level 3 of the Lair of Beasts)
 18126 | Lair:3   | Received a gift from Okawaru
 18643 | Lair:4   | Found a staircase to the Swamp.
 18759 | Lair:4   | Found a staircase to the Snake Pit.
 19529 | Lair:5   | Found a staircase to the Slime Pits.
 19542 | Lair:5   | Reached XP level 16. HP: 112/138 MP: 19/19
 19579 | Lair:5   | Found an iron altar of Okawaru.
 19791 | Lair:5   | Reached skill level 16 in Fighting
 19791 | Lair:5   | Reached XP level 17. HP: 144/144 MP: 20/20
 19827 | Lair:5   | Noticed Snorg
 19833 | Lair:5   | Killed Snorg
 20088 | Lair:5   | Reached skill level 10 in Shields
 20380 | Lair:6   | Entered Level 6 of the Lair of Beasts
 20394 | Lair:6   | Reached skill level 10 in Evocations
 20510 | Lair:6   | Reached skill level 15 in Armour
 20697 | Lair:6   | Got a twitching brass ring
 20698 | Lair:6   | Identified the ring of the Briny Deep {Will+ Str+3 Int+6
                  | Dex-5 Slay+5} (You found it on level 6 of the Lair of
                  | Beasts)
 20943 | Lair:6   | Found an opulent altar of Gozag.
 20968 | Lair:6   | Received a gift from Okawaru
 21087 | Lair:6   | Reached skill level 17 in Fighting
 21290 | Lair:6   | Found a large runed translucent door.
 21418 | Lair:6   | Found a large runed translucent door.
 22378 | Snake:1  | Entered Level 1 of the Snake Pit
 22507 | Snake:1  | Found Epuargh's Book Shop.
 23200 | Snake:1  | Reached skill level 18 in Fighting
 23671 | Snake:2  | Received a gift from Okawaru
 23799 | Snake:2  | Found Byczob's Magic Scroll Shop.
 23799 | Snake:2  | Found Ateez's Weapon Boutique.
 23802 | Snake:2  | Reached skill level 5 in Dodging
 23802 | Snake:2  | Reached XP level 18. HP: 146/157 MP: 23/23
 23823 | Snake:2  | Found Zusma's Jewellery Shop.
 23874 | Snake:2  | Bought a scroll of identify for 30 gold pieces
 23874 | Snake:2  | Bought a scroll of identify for 30 gold pieces
 24093 | Snake:2  | Noticed Aizul
 24116 | Snake:2  | Killed Aizul
 25523 | Snake:3  | Reached skill level 19 in Fighting
 25591 | Snake:3  | Found Diudos's Jewellery Boutique.
 25591 | Snake:3  | Found Peym's Gadget Shoppe.
 25592 | Snake:3  | Found Goona's Gadget Shoppe.
 25629 | Snake:3  | Bought an uncursed amulet of reflection for 450 gold pieces
 25642 | Snake:3  | Bought a condenser vane for 840 gold pieces
 25950 | Snake:3  | Received a gift from Okawaru
 25971 | Snake:3  | Got a shimmering quarterstaff {god gift}
 25972 | Snake:3  | Identified the +7 quarterstaff of Offence {freeze, Int+6}
                  | (Okawaru gifted it to you on level 3 of the Snake Pit)
 26244 | Snake:3  | Noticed Louise
 26260 | Snake:3  | Killed Louise
 26404 | Snake:4  | Entered Level 4 of the Snake Pit
 27246 | Snake:4  | Reached XP level 19. HP: 159/167 MP: 24/24
 28252 | Snake:4  | Received a gift from Okawaru
 28461 | Snake:4  | Reached skill level 20 in Fighting
 28786 | Snake:4  | Reached skill level 10 in Dodging
 28790 | Snake:4  | Received a gift from Okawaru
 29096 | Snake:4  | Got a serpentine rune of Zot
 29422 | Swamp:1  | Entered Level 1 of the Swamp
 29842 | Swamp:1  | You fall into a shaft and drop 1 floor!
 30121 | Swamp:2  | Reached XP level 20. HP: 56/178 MP: 21/25
 32238 | Swamp:3  | Noticed Jorgrun
 32249 | Swamp:2  | Killed Jorgrun
 32250 | Swamp:2  | Reached skill level 21 in Fighting
 32407 | Swamp:3  | Noticed Donald
 32429 | Swamp:3  | Killed Donald
 32472 | Swamp:3  | Received a gift from Okawaru
 32483 | Swamp:3  | Identified the +0 crystal plate armour of Dyspraxia {rElec
                  | Str+7 Int-4 Dex+2} (Okawaru gifted it to you on level 3 of
                  | the Swamp)
 32772 | Swamp:3  | Noticed Kirke
 32797 | Swamp:3  | Killed Kirke
 33325 | Swamp:4  | Entered Level 4 of the Swamp
 33869 | Swamp:4  | Got a decaying rune of Zot
 33938 | Swamp:4  | Noticed Bai Suzhen
 33955 | Swamp:4  | Killed Bai Suzhen
 33956 | Swamp:4  | Reached skill level 15 in Shields
 34558 | Vaults:1 | Entered Level 1 of the Vaults
 34962 | Vaults:1 | Reached XP level 21. HP: 123/188 MP: 26/26
 35204 | Vaults:1 | Received a gift from Okawaru
 35283 | Vaults:1 | Identified the +0 plate armour "Licidel" {-Tele Harm rCorr}
                  | (You found it on level 1 of the Vaults)
 35683 | Vaults:1 | Reached skill level 22 in Fighting
 35709 | Vaults:1 | Slain by an ettin

Illustrated notes

Levels and vault maps discovered:
D:1:      dpeg_arrival_stone_temple_mockup, layout_basic, minivault_4
D:2:      layout_rooms, serial_glass, glass_columns_c, glass_columns_a,
          glass_columns_a, glass_columns_c, st_stairs_9, uniq_natasha,
          uniq_crazy_yiuf_cottage
D:3:      layout_basic, uniq_ijyb, uniq_jessica, uniq_grinder
D:4:      layout_rooms, gammafunk_temple_overflow_wave, kennysheep_mini_moat
D:5:      layout_loops_corners, temple_statues, gammafunk_ghost_abyssal_escape,
          minmay_ruined_shrine
D:6:      layout_basic
D:7:      layout_layer_cave, pdpol_temple_overflow_zin_treasury_gozag_greed,
          minitemple, serial_shops, nicolae_shop_waterfront, shop, shop,
          kennysheep_little_box
D:8:      layout_basic, nicolae_overflow_crystal_walls,
          grunt_temple_overflow_open
D:9:      layout_loops_ring, lair_entry_dummy, gammafunk_ghost_arena,
          serial_ice, serial_ice_f, serial_ice_l, serial_ice_o, serial_ice_m,
          item_on_display_a, uniq_pikel, uniq_erica
D:10:     layout_basic, david_orc_4
D:11:     layout_cross, uniq_urug, uniq_harold
D:12:     layout_basic, enter_bailey_3, portal_ice_cave_entry_ice_beasts
D:13:     layout_basic, ebering_ghost_xom, chequers_hall_statues_corner_a
D:14:     layout_roguey, david_vaults_5, chequers_serial_rivers_large_a,
          uniq_roxanne
D:15:     hangedman_depths_entry_try_elsewhere_first, layout_basic, nrook_uturn
Lair:1:   layout_cave_pods, ebering_ghost_xom, uniq_maggie, uniq_sonja
Lair:2:   layout_regular_city, beast_lair_carwin_6
Lair:3:   layout_long_grid, nzn_sisyphean_effort
Lair:4:   layout_long_grid, skrybe_swamp_entry_bodies,
          minmay_snake_entry_guardpost_small, grunt_forest_stairs_clearing,
          infiniplex_staircase_pool
Lair:5:   layout_hall_layers, minmay_slime_entry_oklob_open, basic_altar,
          hangedman_lair_unloving_vines, grunt_megastairs_4, uniq_snorg
Lair:6:   cheibrodos_lair_end_hotspot, layout_cave_pods, basic_altar,
          grunt_forest_small_clearings
Swamp:1:  layout_basic_swamp, evilmike_swamp_ruin_house_4
Swamp:2:  nzn_winding_woodlands_three_and_one
          [nzn_winding_woodlands_5x15_default, nzn_winding_woodlands_5x15_eye,
          nzn_winding_woodlands_5x15_pool,
          nzn_winding_woodlands_center_pierced_h], layout_basic_swamp,
          serial_swamp_ruin, evilmike_swamp_ruin_house_6,
          hangedman_swamp_ruin_hall
Swamp:3:  layout_basic_swamp, evilmike_swamp_ruin_house_1, uniq_jorgrun,
          uniq_aizul, uniq_donald, uniq_kirke
Swamp:4:  swamp_icy, layout_basic_swamp, uniq_bai_suzhen
Snake:1:  layout_basic, serial_shops, shop_fountains, serial_bayou_shore_b,
          serial_bayou_shore_a
Snake:2:  nicolae_aizul_guard, layout_onion_interference, lemuel_fruit_tree,
          minmay_shop_star, serial_bayou_shore_b, serial_bayou_shore_b,
          serial_bayou_shore_b
Snake:3:  layout_gridlike, minmay_shop_grove, uniq_louise
Snake:4:  snake_pit_salamanders_mu, layout_basic, serial_bayou_crossing
Orc:1:    layout_caves, basic_altar, mines2_david
Orc:2:    st_orc_pillars, layout_caves
Vaults:1: v_misc_29, v_misc_2, st_greater_box_5, vaults_dpeg_spiral,
          v_pattern_2, v_rooms_4, vaults_room_hallway, ontoclasm_vaults_chip,
          layout_vaults_omnigrid, serial_shops, nicolae_shop_crystal

Skill      XL: |  1  2  3  4  5  6  7  8  9 10 11 12 13 14 15 16 17 18 19 20 21 |
---------------+----------------------------------------------------------------+-----
Shields        | 4 5 6 7 8 9 10 13 15 | 15.0
Armour         | 4 5 7 9 10 12 13 14 15 | 15.1
Fighting       | 4 5 6 8 9 11 12 13 14 15 16 18 19 20 21 22 | 22.1
Staves         | 3 4 5 6 8 9 11 12 13 14 | 14.0
Evocations     | 2 4 5 7 9 10 12 | 12.9
Invocations    | 3 5 7 |  7.0
Dodging        | 2 5 8 10 | 10.0

Action                   |  1- 3 |  4- 6 |  7- 9 | 10-12 | 13-15 | 16-18 | 19-21 || total
-------------------------+-------+-------+-------+-------+-------+-------+-------++-------
Melee: Quarterstaff      |    73 |    92 |   246 |   795 |    57 |    28 |    79 ||  1370
       Lajatang          |       |       |       |       |  1413 |   967 |   839 ||  3219
Invok: Heroism           |       |       |       |     5 |    11 |     4 |     7 ||    27
       Finesse           |       |       |       |       |     6 |     1 |     5 ||    12
 Abil: Dig               |     1 |     1 |     3 |     5 |    10 |     6 |       ||    26
Evoke: Wand              |       |       |     1 |    13 |    13 |     8 |    24 ||    59
       Tin of tremorston |       |       |       |       |       |       |     5 ||     5
       Condenser vane    |       |       |       |       |       |       |     3 ||     3
  Use: Scroll            |       |       |    21 |     7 |    10 |     8 |     4 ||    50
       Potion            |       |       |       |     2 |     1 |     1 |     1 ||     5
 Stab: Paralysed         |       |     1 |     4 |    19 |       |       |       ||    24
       Petrified         |       |       |       |     9 |       |       |       ||     9
       Petrifying        |       |       |       |     1 |       |       |       ||     1
       Confused          |       |       |       |     2 |       |       |       ||     2
       Distracted        |       |       |       |     1 |       |       |       ||     1
Armor: Scale mail        |    31 |    23 |    80 |       |       |       |       ||   134
       Ring mail         |       |       |    15 |    90 |       |       |       ||   105
       Plate armour      |       |       |       |   121 |   268 |   240 |   106 ||   735
       Crystal plate arm |       |       |       |       |       |       |    59 ||    59
Dodge: Dodged            |    20 |    26 |    86 |   176 |   240 |   192 |   138 ||   878
Block: Kite shield       |    45 |    41 |   149 |   409 |   506 |   433 |   503 ||  2086
       Reflection        |       |       |       |       |       |     9 |    60 ||    69
